 Dungeon Crawl Stone Soup version 0.29.0-4-gdea44cf6ec (webtiles) character file.

Game seed: 58835346796203022

4 qw the Caller (level 1, -1/14 HPs)
             Began as a Ghoul Summoner on Sept 9, 2022.
             Slain by a quokka (3 damage)
             ... on level 1 of the Dungeon.
             The game lasted 00:00:06 (263 turns).

qw the Caller (Ghoul Summoner)                       Turns: 263, Time: 00:00:07

Health: -1/14      AC:  2    Str: 11    XL:     1   Next: 60%
Magic:  0/2        EV: 12    Int: 10    God:
Gold:   21         SH:  0    Dex:  9    Spells: 2/3 levels left

rFire   . . .      SeeInvis .   (no weapon)
rCold   + . .      Faith    .   (no shield)
rNeg    + + +      Spirit   .   a - +0 robe
rPois   inf        Reflect  .   (no helmet)
rElec   .          Harm     .   (no cloak)
rCorr   .          Rampage  .   (no gloves)
Will    .....                   (no boots)
Stlth   ++........              (no amulet)
HPRegen 0.00/turn               (no ring)
MPRegen 0.08/turn               (no ring)

@: inhibited regen
A: claws 1, cold resistance 1, negative energy resistance 3, inhibited
regeneration, torment resistance 2, devour on kill
a: no special abilities


You were on level 1 of the Dungeon.
You visited 1 branch of the dungeon, and saw 1 of its levels.

You collected 21 gold pieces.


Innate Abilities, Weirdness & Mutations

You are immune to poison.
You have sharp fingernails.
Your flesh is cold resistant. (rC+)
You are immune to negative energy. (rN+++)
You do not regenerate when monsters are visible.
You are immune to unholy pain and torment.
You thrive by killing the living.


   Skills:
 + Level 0.0 Fighting
 - Level 1.0 Axes
 - Level 1.7 Dodging
 - Level 2.1 Stealth
 - Level 1.7 Spellcasting
 - Level 3.6 Summonings


You had 2 spell levels left.
You knew the following spells:

 Your Spells              Type           Power      Damage    Failure   Level
a - Summon Small Mammal   Summ           32%        N/A       8%          1

Your spell library contained the following spells:

 Spells                   Type           Power      Damage    Failure   Level
 Call Imp                 Summ           8%         N/A       11%         2
 Call Canine Familiar     Summ           8%         N/A       22%         3
 Summon Guardian Golem    Hex/Summ       4%         N/A       43%         3
 Summon Lightning Spire   Summ/Air       4%         N/A       83%         4

Inventory:

Armour
 a - a +0 robe (worn)
Potions
 b - a potion of magic

Dungeon Overview and Level Annotations

Branches:
Dungeon (1/15)

Altars:


Message History

Your bat closely misses the hobgoblin.
The quokka twitches its whiskers.
Your bat completely misses the hobgoblin.
The quokka misses your bat.
Your rat bites the hobgoblin but does no damage.
The hobgoblin barely misses your rat.
Your bat closely misses the hobgoblin.
Your rat barely misses the hobgoblin.
The hobgoblin misses your rat.
Your bat hits the hobgoblin but does no damage.
The quokka barely misses your rat.
Your rat barely misses the hobgoblin.
The hobgoblin hits your rat.
Your rat dies!
Your rat's corpse disappears in a puff of smoke!
Your bat hits the hobgoblin. The quokka bites you.
Your bat hits the hobgoblin but does no damage.
The hobgoblin misses you.
You scratch the hobgoblin but do no damage.
The hobgoblin is heavily wounded.
Your bat hits the hobgoblin but does no damage.
The quokka misses you. The hobgoblin hits you.
260 ||| CASTING Summon Small Mammal
Casting: Summon Small Mammal (safe; 8% risk of failure)
Confirm with . or Enter, or press ? or * to list all spells.
Your bat misses the hobgoblin. The quokka closely misses you.
The hobgoblin barely misses you. The quokka bites you.
You scratch the hobgoblin.
You kill the hobgoblin!
You feel better.
Your bat hits the quokka but does no damage.
Your bat barely misses the quokka.
The quokka bites you.
Your bat barely misses the quokka.
Your Axes skill increases to level 1!
You scratch the quokka but do no damage.
Your bat barely misses the quokka.
Your bat closely misses the quokka.
The quokka completely misses you.
You scratch the quokka.
The quokka is moderately wounded.
Your bat hits the quokka but does no damage.
Your bat barely misses the quokka.
The quokka bites you.
You die...

### .# #.. .#
#....#># #....#.#
##### ..#.#.# .....
..b#.# ##### #br#.#
#@.#.# #..#.#
################..#.#
....................#
#####################


You could see a quokka (ally target) and 2 friendly bats.

Vanquished Creatures
  An endoplasm (D:1)
  A hobgoblin (D:1)
  2 rats (D:1)
4 creatures vanquished.

Notes
Turn   | Place    | Note
-------+----------+-------------------------------------------
     0 | D:1      | qw the Ghoul Summoner began the quest for the Orb.
     0 | D:1      | Reached XP level 1. HP: 14/14 MP: 2/2
     0 | D:1      | 0 ||| qw: Version: 0.1-a-113-g051387a
     0 | D:1      | 0 ||| qw: Game counter: 7299
     0 | D:1      | 0 ||| qw: Always use a shield: true
     0 | D:1      | 0 ||| qw: God list: Okawaru
     0 | D:1      | 0 ||| qw: Allow faded altars: false
     0 | D:1      | 0 ||| qw: Do Orc after D:15 true
     0 | D:1      | 0 ||| qw: Do second Lair branch before Depths: true
     0 | D:1      | 0 ||| qw: Lair rune preference: random
     0 | D:1      | 0 ||| qw: Plans: Normal
     0 | D:1      | 0 ||| PLANNING D:1-11
    35 | D:1      | 35 ||| CASTING Summon Small Mammal
    36 | D:1      | 36 ||| CASTING Summon Small Mammal
    99 | D:1      | 99 ||| CASTING Summon Small Mammal
   100 | D:1      | 100 ||| CASTING Summon Small Mammal
   143 | D:1      | 143 ||| CASTING Summon Small Mammal
   144 | D:1      | 144 ||| CASTING Summon Small Mammal
   247 | D:1      | 247 ||| CASTING Summon Small Mammal
   248 | D:1      | 248 ||| CASTING Summon Small Mammal
   260 | D:1      | 260 ||| CASTING Summon Small Mammal
   260 | D:1      | HP: 3/14 [quokka (4)]
   262 | D:1      | Reached skill level 1 in Axes
   263 | D:1      | Slain by a quokka

Levels and vault maps discovered:
D:1:      minmay_arrival_plants_in_alcoves, layout_basic

Skill      XL: |  1 |
---------------+----+-----
Axes           | 1 |  1.0
Dodging        | |  1.7
Stealth        | |  2.1
Spellcasting   | |  1.7
Summonings     | |  3.6

Action                   || total
-------------------------++-------
Melee: Unarmed           ||    10
 Cast: Summon Small Mamm ||     6
Dodge: Dodged            ||     6

Table legend:
 A = Non-vault XP
 B = Vault XP
 C = Vault XP percentage of total XP
 D = Non-vault monster count
 E = Vault monster count
 F = Vault count percentage of total count
                 A         B        C        D         E       F
            +---------+---------+-------+---------+---------+-------
      Total |       6 |       0 |   0.0 |       4 |       0 |   0.0
            +---------+---------+-------+---------+---------+-------
        D:1 |       6 |       0 |   0.0 |       4 |       0 |   0.0
            +---------+---------+-------+---------+---------+-------
